 Dungeon Crawl Stone Soup version 0.29-a0-541-gaf1fc19f1b (webtiles) character file.

Game seed: 1111466281180135073

20 xian the Conjurer (level 2, 0/20 HPs)
             Began as a Draconian Conjurer on June 3, 2022.
             Slain by a jackal (3 damage)
             ... on level 1 of the Dungeon.
             The game lasted 00:01:03 (926 turns).

xian the Conjurer (Draconian Conjurer)               Turns: 926, Time: 00:01:03

Health: 0/20       AC:  4    Str:  9    XL:     2   Next: 58%
Magic:  5/5        EV: 12    Int: 18    God:
Gold:   30         SH:  0    Dex:  9    Spells: 4/5 levels left

rFire   . . .      SeeInvis .   f - +0 club
rCold   + . .      Faith    .   (no shield)
rNeg    + . .      Spirit   .   (body armour unavailable)
rPois   .          Reflect  .   (helmet restricted)
rElec   .          Harm     .   (no cloak)
rCorr   .          Rampage  .   (no gloves)
Will    .....                   (no boots)
Stlth   ++........              (no amulet)
HPRegen 0.06/turn               e - ring of protection from cold
MPRegen 0.09/turn               g - ring of positive energy

@: no status effects
A: AC +4, unfitting armour, cold-blooded
a: no special abilities


You were on level 1 of the Dungeon.
You visited 1 branch of the dungeon, and saw 1 of its levels.

You collected 30 gold pieces.

Inventory:

Hand Weapons
 f - a +0 club (weapon)
Jewellery
 e - a ring of protection from cold (left hand)
 g - a ring of positive energy (right hand)
Scrolls
 b - a scroll of enchant armour {unknown}
 c - a scroll of magic mapping
 d - a scroll of summoning {unknown}
 h - a scroll of teleportation {unknown}
Potions
 a - a potion of magic


   Skills:
 + Level 1.9 Dodging
 + Level 1.8 Stealth
 + Level 2.1 Spellcasting
 + Level 4.5 Conjurations


You had 4 spell levels left.
You knew the following spells:

 Your Spells              Type           Power      Damage    Failure   Level
a - Magic Dart            Conj           72%        1d6       2%          1

Your spell library contained the following spells:

 Spells                   Type           Power      Damage    Failure   Level
 Searing Ray              Conj           36%        2d5       4%          2
 Dazzling Flash           Conj/Hex       20%        N/A       22%         3
 Fulminant Prism          Conj/Hex       5%         3d7       56%         4
 Iskenderun's Mystic Bla  Conj/Tloc      10%        2d4       56%         4


Dungeon Overview and Level Annotations

Branches:
Dungeon (1/15)

Altars:


Innate Abilities, Weirdness & Mutations

Your plain brown scales are hard. (AC +4)
You cannot fit into any form of body armour.
You are cold-blooded and may be slowed by cold attacks.


Message History

You barely miss the quokka.
The quokka is almost dead.
The quokka barely misses you.
The endoplasm jiggles.
The endoplasm hits you. The rat closely misses you.
The quokka barely misses you.
You hit the quokka.
You kill the quokka!
The endoplasm misses you. The rat bites you but does no damage.
A jackal and an endoplasm come into view.
The jackal barks!
The endoplasm freezes you.
You are frozen.
You resist. The rat bites you but does no damage.
A jackal comes into view.
The rat bites you but does no damage.
You see here a scroll labelled JEADEEH ARHUBB.
You barely miss the endoplasm. You tail-slap the endoplasm.
The endoplasm is heavily wounded.
The endoplasm closely misses you. The rat barely misses you.
You barely miss the endoplasm.
The endoplasm is heavily wounded.
The jackal closely misses you. The endoplasm hits you. The rat bites you.
The jackal closely misses you. The endoplasm freezes you.
You are frozen.
You resist.
* * * LOW HITPOINT WARNING * * *
The rat bites you.
* * * LOW HITPOINT WARNING * * *
The jackal attacks as you move away!
The jackal bites you but does no damage.
The endoplasm misses you. The jackal attacks as you move away!
The jackal bites you but does no damage.
The jackal attacks as you move away! The jackal barely misses you.
The endoplasm attacks as you move away! The endoplasm misses you.
The endoplasm freezes you.
You are frozen.
You resist.
* * * LOW HITPOINT WARNING * * *
The rat misses you. The jackal bites you.
You die...

#.# ###############
# #.# #............*
#.# #............*
#.# #............*
#.# #..(......$..*
#.# #............*
##.####...J........*
#........rJ?.......*
#######..@hh.......*
#####.#######* #.#
#.# #.# *#.#****
*...,,,* *,..,,,*
*,,,,,,*


You could see 2 endoplasms, 2 jackals and a rat.

Vanquished Creatures
  A dart slug (D:1)
  3 bats (D:1)
  A giant cockroach (D:1)
  A goblin (D:1)
  A hobgoblin (D:1)
  4 quokkas (D:1)
  2 ball pythons (D:1)
  A frilled lizard (D:1)
  2 rats (D:1)
16 creatures vanquished.

Notes
Turn   | Place    | Note
-------+----------+-------------------------------------------
     0 | D:1      | xian the Draconian Conjurer began the quest for the Orb.
     0 | D:1      | Reached XP level 1. HP: 14/14 MP: 3/3
   440 | D:1      | Reached XP level 2. HP: 20/20 MP: 1/5
   926 | D:1      | Slain by a jackal

Illustrated notes

Levels and vault maps discovered:
D:1:      psy_arrival_statuary, layout_basic, serial_shops, nicolae_shop_crystal

Action                   || total
-------------------------++-------
Melee: Club              ||     9
       Tailslap          ||     1
 Cast: Magic Dart        ||    33
  Use: Scroll            ||     1
Armor: Skin              ||     6
Dodge: Dodged            ||    22

Table legend: (Time is in decaauts)
 A = Elapsed time spent in this place.
 B = Non-inter-level travel time spent in this place.
 C = Inter-level travel time spent in this place.
 D = Time resting spent in this place.
 E = Time spent auto-exploring this place.
 F = Levels seen in this place.
 G = Mean time per level.
                   A        B        C        D        E       F      G
               +--------+--------+--------+--------+--------+-----+--------+
         Total |    927 |    927 |      0 |      0 |    836 |   1 |  927.0 |
       Dungeon |    927 |    927 |      0 |      0 |    836 |   1 |  927.0 |
               +--------+--------+--------+--------+--------+-----+--------+

Top non-repeatable levels by time:
     D:1: 927 daAuts
